 Dungeon Crawl Stone Soup version 0.30-a0-4-ga7cffc901d (webtiles) character file.

Game seed: 11296078350311456265

66 bearlyready the Shooter (level 3, -3/28 HPs)
             Began as a Palentonga Hunter on Aug 21, 2022.
             Was an Initiate of Cheibriados.
             Slain by a worm (7 damage)
             ... on level 3 of the Dungeon.
             The game lasted 00:01:52 (1530 turns).

bearlyready the Shooter (Palentonga Hunter)         Turns: 1530, Time: 00:01:52

Health: -3/28      AC:  4    Str: 17    XL:     3   Next: 96%
Magic:  3/3        EV:  9    Int: 10    God:    Cheibriados [......]
Gold:   118        SH:  0    Dex: 16    Spells: 2/2 levels left

rFire   . . .      SeeInvis +    a - +0 shortbow
rCold   . . .      Faith    +    (shield currently unavailable)
rNeg    . . .      Spirit   .    c - +0 leather armour
rPois   .          Reflect  .    (no helmet)
rElec   .          Harm     .    (no cloak)
rCorr   .          Rampage  .    (no gloves)
Will    .....                    (no barding)
Stlth   +.........               g - amulet of faith
HPRegen 0.09/turn                (no ring)
MPRegen 0.08/turn                (no ring)

@: very slow
A: large, rugged brown scales 3, see invisible, deformed body, roll 1, armoured
tail
a: Rolling Charge, Renounce Religion


You were on level 3 of the Dungeon.
You worshipped Cheibriados.
Cheibriados was noncommittal.
You visited 1 branch of the dungeon, and saw 3 of its levels.

You collected 118 gold pieces.

Inventory:

Hand Weapons
 a - a +0 shortbow (weapon)
Armour
 c - a +0 leather armour (worn)
Jewellery
 g - an amulet of faith (around neck)
Scrolls
 b - a scroll of immolation
 d - 4 scrolls of identify {unknown}
 h - a scroll of amnesia {unknown}
 k - a scroll of enchant weapon {unknown}
Potions
 e - 2 potions of heal wounds {unknown}
 f - a potion of might {unknown}
 i - a potion of curing {unknown}
 j - a potion of mutation {unknown}


   Skills:
 + Level 2.0 Fighting
 + Level 4.6 Ranged Weapons
 - Level 1.5 Dodging
 - Level 0.5 Stealth


You had 2 spell levels left.
You didn't know any spells.
Your spell library contained the following spells:

 Spells                   Type           Power      Damage    Failure   Level
 Shock                    Conj/Air       0%         1d3       43%         1
 Ensorcelled Hibernation  Hex/Ice        0%         N/A       56%         2
 Gell's Gravitas          Tloc           0%         N/A       80%         3
 Lesser Beckoning         Tloc           0%         N/A       80%         3
 Spider Form              Tmut/Pois      0%         N/A       80%         3
 Teleport Other           Tloc           0%         N/A       80%         3
 Anguish                  Hex/Necr       0%         N/A       99%         4
 Fulminant Prism          Conj/Hex       0%         3d6       99%         4
 Irradiate                Conj/Tmut      0%         3d11      100%        5


Dungeon Overview and Level Annotations

Branches:
Dungeon (3/15)

Altars:
Cheibriados


Innate Abilities, Weirdness & Mutations

You are completely covered in rugged brown scales. (AC +3, +7% HP)
You have supernaturally acute eyesight. (SInv)
Armour fits poorly on your strangely shaped body.
You can roll at nearby foes to attack.
You have a long armoured tail.


Message History

The worm bites you.
Fire: a) +0 shortbow
Press: ? - help, Q - select action, (/) - cycle Shift-Dir - straight line, f/p - worm
Aim: a worm (80% to hit)
You shoot an arrow.
The arrow hits the worm but does no damage.
The worm bites you.
Fire: a) +0 shortbow
Press: ? - help, Q - select action, (/) - cycle Shift-Dir - straight line, f/p - worm
Aim: a worm (80% to hit)
You shoot an arrow. The arrow hits the worm!
The worm is heavily wounded.
Fire: a) +0 shortbow
Press: ? - help, Q - select action, (/) - cycle Shift-Dir - straight line, f/p - worm
Aim: a worm (heavily wounded, 80% to hit)
You shoot an arrow. The arrow hits the worm.
The worm is severely wounded.
The worm bites you.
You aren't carrying any items that you can evoke.
Unknown command.
Fire: a) +0 shortbow
Press: ? - help, Q - select action, (/) - cycle Shift-Dir - straight line, f/p - worm
Aim: a worm (severely wounded, 80% to hit)
You shoot an arrow. The arrow barely misses the worm.
The worm bites you!
* * * LOW HITPOINT WARNING * * *
Fire: a) +0 shortbow
Press: ? - help, Q - select action, (/) - cycle Shift-Dir - straight line, f/p - worm
Aim: a worm (severely wounded, 80% to hit)
You shoot an arrow.
The arrow hits the worm but does no damage.
The worm is severely wounded.
The worm bites you but does no damage.
Fire: a) +0 shortbow
Press: ? - help, Q - select action, (/) - cycle Shift-Dir - straight line, f/p - worm
Aim: a worm (heavily wounded, 80% to hit)
You shoot an arrow. The arrow hits the worm.
The worm is severely wounded.
The worm bites you!
You die...

. ..
###.#
####...#
......##
#.w....#
#@# #.#
#.#
#.####.#
#<.....#
########


You could see a worm.

Vanquished Creatures
  3 adders (D:2)
  A worm (D:2)
  A dart slug (D:1)
  5 ball pythons
  4 bats (D:2)
  4 endoplasms
  2 giant cockroaches
  2 goblins (D:2)
  3 hobgoblins (D:2)
  A quokka (D:1)
  2 frilled lizards (D:2)
  A kobold (D:2)
  5 rats
34 creatures vanquished.

Notes
Turn   | Place    | Note
-------+----------+-------------------------------------------
     0 | D:1      | bearlyready the Palentonga Hunter began the quest for the
                  | Orb.
     0 | D:1      | Reached XP level 1. HP: 17/17 MP: 1/1
   328 | D:1      | Reached XP level 2. HP: 23/23 MP: 2/2
   707 | D:2      | Reached skill level 4 in Ranged Weapons
   775 | D:2      | Found a faded altar of an unknown god.
   780 | D:2      | Reached XP level 3. HP: 28/28 MP: 3/3
   855 | D:2      | Got Vehumet's Writings on Traumaturgy and Shaping
  1020 | D:2      | Found a snail-covered altar of Cheibriados.
  1033 | D:2      | Became a worshipper of Cheibriados the Contemplative
  1530 | D:3      | Slain by a worm

Illustrated notes

Levels and vault maps discovered:
D:1:      psy_arrival_dodecagon, layout_loops_cross, nrook_campfire
D:2:      layout_basic, basic_altar, basic_ecumenical_altar
D:3:      layout_loops_cross, serial_shops,
          nicolae_shop_competitors_out_of_business

Skill      XL: |  1  2 |
---------------+-------+-----
Ranged Weapons | 4 |  4.6
Fighting       | |  2.0
Dodging        | |  1.5
Stealth        | |  0.5

Action                   || total
-------------------------++-------
 Fire: Shortbow          ||    89
Armor: Leather armour    ||    14
Dodge: Dodged            ||    17

Table legend: (Time is in decaauts)
 A = Elapsed time spent in this place.
 B = Non-inter-level travel time spent in this place.
 C = Inter-level travel time spent in this place.
 D = Time resting spent in this place.
 E = Time spent auto-exploring this place.
 F = Levels seen in this place.
 G = Mean time per level.
                   A        B        C        D        E       F      G
               +--------+--------+--------+--------+--------+-----+--------+
         Total |   1667 |   1572 |     95 |      0 |   1365 |   3 |  555.7 |
       Dungeon |   1667 |   1572 |     95 |      0 |   1365 |   3 |  555.7 |
               +--------+--------+--------+--------+--------+-----+--------+

Top non-repeatable levels by time:
     D:2: 951 daAuts
     D:1: 693 daAuts
     D:3: 22 daAuts
